Cogmind - Beta 13 @@@ ROGUE MODE // 2024.05.12 @ 21:20:51 // AFD2019/Pay2Buy Player: boggy Result: Destroyed by M9-WKC(R) with Subdweller Shrapnel Launcher Performance ------------- Evolutions (0) 0 Regions Visited (2) 400 Robots Destroyed (35) 175 Value Destroyed (1024) 1024 Prototype IDs (1) 20 Alien Tech Used (0) 0 Bonus (4) 4 TOTAL SCORE: 1623 Bonus ------- High Alert Combat Kills 4 Cogmind --------- Core Integrity 0/250 Matter 14/300 Energy 61/100 System Corruption 0% Temperature Cool (0) Movement Core (100) Ox1 Location -10/Subcaves Parts ------- > --- POWER (1) -------- (None) > --- PROPULSION (2) --- (None) > --- UTILITY (2) ------ (None) > --- WEAPON (2) ------- Battle Cannon Battle Cannon > --- INVENTORY (10) --- Medium Armor Plating Advanced Beam Cannon Scrap Shield Fragment (49) Scrap Shield Fragment (48) Scrap Shield Fragment (48) Scrap Shield Fragment (48) Scrap Shield Fragment (48) Scrap Shield Fragment (47) Scrap Shield Fragment (45) Peak State ------------ > --- POWER ------------ Improved Ion Engine > --- PROPULSION ------- Armored Wheel Armored Wheel > --- UTILITY ---------- Medium Armor Plating Shield Generator > --- WEAPON ----------- Advanced Beam Cannon Autogun > --- INVENTORY -------- (None) [Rating: 15] Favorites ----------- Power Improved Ion Engine Engine Improved Ion Engine Propulsion Armored Wheel Wheel Armored Wheel Utility Medium Armor Plating Device Shield Generator Protection Medium Armor Plating Weapon Advanced Beam Cannon Energy Cannon Advanced Beam Cannon Ballistic Gun Autogun Ballistic Cannon Battle Cannon Launcher Grenade Launcher Build | -11 -10 -10 ------- Run | Yrd Mat Sub Slots Evolved . | . . . Power . | . . . Propulsion . | . . . Utility . | . . . Weapon . | . . . Parts Attached 5 | . . 5 Power . | . . . Engine . | . . . Core . | . . . Reactor . | . . . Propulsion . | . . . Treads . | . . . Leg . | . . . Wheel . | . . . Hover . | . . . Flight . | . . . Utility 1 | . . 1 Device . | . . . Storage . | . . . Processor . | . . . Hackware . | . . . Protection 1 | . . 1 Artifact . | . . . Weapon 4 | . . 4 Energy Gun . | . . . Energy Cannon . | . . . Ballistic Gun . | . . . Ballistic Cannon 4 | . . 4 Launcher . | . . . Special Weapon . | . . . Impact Weapon . | . . . Slashing Weapon . | . . . Piercing Weapon . | . . . Special Melee Weapon . | . . . Unidentified Prototypes . | . . . Parts Lost 11 | . 2 9 Power 1 | . . 1 Propulsion 2 | . . 2 Utility 5 | . 1 4 Weapon 3 | . 1 2 Highest Loss Streak 4 | . 1 4 To Critical Strikes . | . . . Average Slot Usage (%) 86 | . 93 65 Engine 11 | . 14 6 Wheel 26 | . 28 21 Device 7 | . 10 1 Protection 12 | . 13 10 Energy Cannon 10 | . 14 1 Ballistic Gun 8 | . 11 . Ballistic Cannon 6 | . . 24 Naked Turns . | . . . Heaviest Build 32 | 21 23 32 Greatest Support 24 | 24 24 24 Greatest Overweight (x) 1 | . . 1 Average Overweight (x) . | . . . Largest Inventory Capacity 10 | 10 10 10 Average Capacity 10 | 10 10 10 Most Carried 10 | . . 10 Average Carried . | . . 3 Final Capacity 10 | 10 10 10 Final Carried 9 | . . 9 Class Distribution -------------------- 95% | Mutant 4% | Subdweller-Mutant Dominant Class ---------------- Mutant | -10/Materials Mutant | -10/Subcaves Resources | -11 -10 -10 ----------- Run | Yrd Mat Sub Matter Collected 848 | 76 495 277 Remotely . | . . . Salvage Created 796 | 76 501 219 Parts . | . . . Haulers Intercepted . | . . . Recyclers Shooed . | . . . Parts Field Recycled . | . . . Retrieved Matter . | . . . Parts Self-Destructed . | . . . Prevented . | . . . Kills | -11 -10 -10 ------- Run | Yrd Mat Sub Combat Hostiles Destroyed 27 | . 15 12 Guns 8 | . 8 . Cannons 16 | . 6 10 AOE 2 | . . 2 Classes Destroyed 8 | 2 5 1 Worker 2 | . 2 . Tunneler 2 | 1 1 . Recycler 1 | 1 . . Operator 1 | . 1 . Watcher 2 | . 2 . Swarmer 12 | . 9 3 Grunt 6 | . 6 . Subdweller 9 | . . 9 Best Kill Streak 4 | 2 4 3 Combat Bots Only 3 | . 3 3 Max Kills in Single Turn 1 | 1 1 1 Gunslinging . | . . . Exploded 1 | . . 1 Melee . | . . . Uniques/NPCs Destroyed . | . . . Combat | -11 -10 -10 -------- Run | Yrd Mat Sub Hostile Shots Fired 195 | . 111 84 Missed 44 | . 21 23 Damage Taken 1652 | . 681 971 Core 255 | . 98 157 Absorbed by Shields 174 | . 129 45 Core Remaining (%) 100 | 100 . . Volleys Fired 226 | 5 167 54 Largest 2 | 1 2 2 Hottest 91 | 68 91 78 Shots Fired 377 | 5 282 90 Gun 126 | . 126 . Cannon 248 | 5 156 87 Launcher 3 | . . 3 Special . | . . . Kinetic 207 | . 126 81 Thermal 167 | 5 156 6 Explosive 3 | . . 3 Electromagnetic . | . . . Robot Hit Streak 7 | 3 6 7 Robot Miss Streak 9 | 1 6 9 Penetration Max . | . . . Secondary Targets . | . . . Shots Hit Robots 92 | 4 43 45 Core Hits 44 | 2 24 18 Critical Kills 1 | . 1 . Critical Parts Destroyed . | . . . Critical Strikes 1 | . 1 . Meltdown 1 | . 1 . Melee Attacks . | . . . Impact . | . . . Slashing . | . . . Piercing . | . . . Sneak Attacks . | . . . Combat Hostiles . | . . . Follow-up Attacks . | . . . Damage Inflicted 2215 | 83 1121 1011 Guns 400 | . 400 . Cannons 1485 | 83 594 808 Explosions 330 | . 127 203 Melee . | . . . Ramming . | . . . Kinetic 1128 | . 400 728 Thermal 757 | 83 594 80 Explosive 285 | . 82 203 Electromagnetic 45 | . 45 . Impact . | . . . Slashing . | . . . Piercing . | . . . Highest Corruption . | . . . Average Corruption . | . . . Corruption Purged . | . . . Corruption Blocked . | . . . Overload Shots . | . . . Overflow Damage 16 | . 14 2 Projectiles 2 | . . 2 Explosions 14 | . 14 . Melee . | . . . Knockbacks 9 | . . 9 Impact . | . . . Kinetic 9 | . . 9 Secondary . | . . . Self-Inflicted Damage 24 | . 24 . Shots 1 | . 1 . Rammed . | . . . Targets Rammed . | . . . Kicked . | . . . Crushed . | . . . Highest Temperature 434 | 180 434 2 Average Temperature 141 | 91 143 2 Received Heat Transfer 231 | . 124 107 Effects 21 | . 21 . Shutdowns 2 | . 2 . Energy Bleed 6 | . 6 . Interference 11 | . 11 . Damage (minor) 2 | . 2 . Siege Activations . | . . . Robots Corrupted . | . . . Combat Hostiles . | . . . Parts Fried . | . . . Impact Corruptions . | . . . Robots Melted 1 | . 1 . Combat Hostiles 1 | . 1 . Parts Melted . | . . . Heat Transferred 1369 | 148 1073 148 Parts Sabotaged . | . . . Parts Stolen . | . . . Parts Stripped . | . . . Power Chain Reactions . | . . . Alert | -11 -10 -10 ------- Run | Yrd Mat Sub Peak Influence 439 | 10 439 . Initial 6 | . 6 . Average 221 | 5 227 . Maximum Alert Level 2 | . 2 . Low Security (%) 32 | 100 30 . Level 1 64 | . 66 . Level 2 2 | . 2 . Level 3 . | . . . Level 4 . | . . . Level 5 . | . . . High Security . | . . . Max Security . | . . . Squads Dispatched 2 | . 2 . Investigation 2 | . 2 . Extermination . | . . . Reinforcement . | . . . Assault . | . . . Garrison . | . . . Intercept . | . . . Searches Triggered . | . . . Construction Impeded . | . . . Haulers Reinforced . | . . . Active Scanning Responses . | . . . Cargo Convoy Interrupts . | . . . Stealth | -11 -10 -10 --------- Run | Yrd Mat Sub Distress Signals 3 | . 3 . Communications Jammed . | . . . Distress Signals . | . . . Times Spotted 36 | . 21 15 Peak Tracking Total 5 | . 5 3 Tactical Retreats 1 | . 1 . Traps | -11 -10 -10 ------- Run | Yrd Mat Sub Traps Triggered 1 | . 1 . Indirectly . | . . . Trap Hack Attempts . | . . . Triggered . | . . . Disarmed . | . . . Reprogrammed . | . . . Reused . | . . . Traps Extracted . | . . . Installed . | . . . Triggered . | . . . Machines | -11 -10 -10 ---------- Run | Yrd Mat Sub Machines Disabled 28 | . 28 . Max in Single Turn 2 | . 2 . Machines Repaired . | . . . Machines Dismantled . | . . . Machines Sabotaged . | . . . Overloaded Fab Kills . | . . . Hacking | -11 -10 -10 --------- Run | Yrd Mat Sub Machines Accessed 8 | . 8 . Terminals 8 | . 8 . Fabricators . | . . . Repair Stations . | . . . Recycling Units . | . . . Scanalyzers . | . . . Garrison Access . | . . . Total Hacks 16 | . 16 . Successful 7 | . 7 . Failed 9 | . 9 . Catastrophic 2 | . 2 . Database Lockouts . | . . . Manual . | . . . Terminals 16 | . 16 . Fabricators . | . . . Repair Stations . | . . . Recycling Units . | . . . Scanalyzers . | . . . Garrison Access . | . . . Terminal Hacks 7 | . 7 . Record 1 | . 1 . Branch Access Points 1 | . 1 . Emergency Access Points 1 | . 1 . Unreport Threat 2 | . 2 . Locate Traps 2 | . 2 . Fabricator Hacks . | . . . Repair Station Hacks . | . . . Recycling Unit Hacks . | . . . Scanalyzer . | . . . Garrison Access Hacks . | . . . Unauthorized Hacks . | . . . Terminals . | . . . Fabricators . | . . . Repair Stations . | . . . Recycling Units . | . . . Scanalyzers . | . . . Garrison Access . | . . . Data Cores Recovered . | . . . Used . | . . . Hacking Detections 5 | . 5 . Full Trace Events . | . . . Feedback Events . | . . . Feedback Blocked . | . . . Robot Schematics Acquired . | . . . Robots Built . | . . . Authchips . | . . . Time . | . . . Total Robot Build Rating . | . . . Part Schematics Acquired . | . . . Parts Built . | . . . Authchips . | . . . Time . | . . . Total Part Build Rating . | . . . Parts Repaired . | . . . Time . | . . . Parts Recycled . | . . . Recycled Matter . | . . . Retrieved Matter . | . . . Retrieved Components . | . . . Parts Scanalyzed . | . . . Part Schematics Acquired . | . . . Parts Damaged . | . . . Bothacking | -11 -10 -10 ------------ Run | Yrd Mat Sub Used RIF Installer . | . . . Robots Hacked . | . . . Non-combat . | . . . Combat . | . . . Robot Hacks Applied . | . . . Relay Couplers Released . | . . . Fabnet Peak Effective % . | . . . Robots Rewired . | . . . Allies Hacked . | . . . Hacks Repelled . | . . . Allies | -11 -10 -10 -------- Run | Yrd Mat Sub Total Allies . | . . . Largest Group . | . . . Highest-Rated Group . | . . . Highest-Rated Ally . | . . . Total Orders . | . . . Ally Attacks . | . . . Total Damage . | . . . Kills . | . . . Allies Corrupted . | . . . Allies Melted . | . . . Intel | -11 -10 -10 ------- Run | Yrd Mat Sub Robot Analysis Total . | . . . Derelict Logs Recovered . | . . . Drone Launches . | . . . Drone Recoveries . | . . . Exploration | -11 -10 -10 ------------- Run | Yrd Mat Sub Turns Passed 1927 | 37 1359 531 Spaces Moved 1417 | 31 1025 361 Core . | . . . Treads . | . . . Legs . | . . . Wheels 1417 | 31 1025 361 Hover . | . . . Flight . | . . . Fastest Speed 90 | 90 90 90 Average Speed 92 | 90 90 98 Slowest Speed 105 | 90 90 105 Overloaded Moves . | . . . Propulsion Burnouts . | . . . Robots Hopped . | . . . Cave-ins Triggered . | . . . Exploration Rate (%) 39 | 4 95 18 Regions Visited 2 Branch Regions 1 Pre-discovered Areas . | . . . Known Exits Taken . | . . . Unknown Exits Taken 2 | 1 1 . Scrap Searched . | . . . Spaces Dug . | . . . Terrain Destroyed 117 | 1 87 29 Melee . | . . . Projectile 6 | 1 . 5 AOE 111 | . 87 24 Terrain Rammed . | . . . Walls Destroyed . | . . . Machines Disabled . | . . . Actions | -11 -10 -10 --------- Run | Yrd Mat Sub Total 1688 | 35 1204 449 Wait 28 | . 13 15 Move 1415 | 30 1024 361 Hop . | . . . Pick Up 11 | . . 11 Fast Attach . | . . . Attach 4 | . . 4 Detach 2 | . . 2 Swap 1 | . . 1 Drop 1 | . . 1 Fire 226 | 5 167 54 Melee . | . . . Ram . | . . . Kick . | . . . Crush . | . . . Escape Stasis . | . . . Rewire . | . . . Trap . | . . . Miscellaneous . | . . . Route ------- -11/Scrapyard -10/Materials (discovered 5 exits: [*Mat x3] / *Min / [*Sub]) -10/Subcaves History --------- Turn | Location | Event 4 | -11/Scrapyard | Discovered new exit (range 15) 38 | -11/Scrapyard | Entered Materials 213 | -10/Materials | Discovered new exit (range 3) 253 | -10/Materials | Discovered new exit (range 10) 305 | -10/Materials | Build established: Mutant 456 | -10/Materials | Identified exit to Mines 656 | -10/Materials | Discovered new exit (range 14) 980 | -10/Materials | Discovered new exit (range 14) 1397 | -10/Materials | Entered Subcaves 1489 | -10/Subcaves | Shifting Twisted Machinery released Sub. Laser 1633 | -10/Subcaves | Core integrity fell below 50% 1729 | -10/Subcaves | A swath of the cavern ceiling suddenly collapsed 1743 | -10/Subcaves | Ambushed by swarm of Subdwellers 1779 | -10/Subcaves | Shifting Twisted Machinery released Battle Cannon 1904 | -10/Subcaves | Ambushed by Subdweller buried in earth 1908 | -10/Subcaves | Disturbed a concealed Subdweller 1911 | -10/Subcaves | Core integrity fell below 20% 1928 | -10/Subcaves | Destroyed by M9-WKC(R) with Subdweller Shrapnel Launcher Last Messages --------------- 01888_ JL-LAE(R) destroyed. 01889_ 70-SN3(R): "ARGHSUB!" 01889_ The unstable cave ceiling collapses. 01891_ PZ-YUB(R) destroyed. 01893_ Grenade Launcher destroyed. 01904_ 70-SN3(R) knocked back. 01905_ 8H-ZVP(R): "ARGHSUB!" 01906_ 8H-ZVP(R) knocked back. 01906_ Shield Generator destroyed. [DISCOUNT: For the next 130 turns enjoy 50% off any Energy Cannon!] 01908_ M9-WKC(R) angrily emerges from the Twisted Machinery. 01910_ M9-WKC(R): "SUBSUB!" 01916_ Critical hit (Destroy). 01916_ 70-SN3(R) affixes Scrap Shield Fragment to Scrap Shield. 01918_ Arm. Wheel destroyed. 01918_ 8H-ZVP(R) knocked back. 01922_ The unstable cave ceiling collapses. 01924_ 8H-ZVP(R) destroyed. 01927_ 70-SN3(R) destroyed. 01928_ Med. Armor Plating destroyed. Map ----- +----------------------------------------------------+ | ?????????????????????????????????????????????????? | | ?????????????????????????????????????????????????? | | ?????????????????????????????????????????????????? | | ?????????????????????????????????????????????????? | | ?????????????????????????????????????????????????? | | ?????????????????????????????????????????????????? | | ?????????????????????????????????????????????????? | | ?????????????????????????????????????????????????? | | ?????????????????????????????????????????????????? | | ?????????????????????????????????????????????????? | | ?????????????????????????????????????????????????? | | ?????????????????????????????????????????????????? | | ??????????????????# ????????????????????????????? | | ??????????????????# ????????????????????????????? | | ?????????????? ??## ???????????????????????????? | | ?????????????? ## ?????###???????????????????? | | ????????????? #####;;#???????????????????? | | ?????????????? ;;& R ????????????????????? | | ???????????????? ; ; ????????????????????? | | ????????????????? #????????????????????? | | ?????????????????? ###??????????????????? | | ???????????????????#; #??????????????????? | | ???????????????????# #??????????????????? | | ???????????????????# ###????????????????? | | ???????????????????# #????????????????? | | ???????????????????# % @ #????????????????? | | ???????????????????# % #????????????????? | | ???????????????????# ##????????????????? | | ??????????????????# &% ##?????????????????? | | ??????????????????###%& #??????????????????? | | ????????????####### # # ##??????????????????? | | ????????????#"# #???????????????????? | | ???????????##"#"# # ???????????????????? | | ???????????#"""######## & # ####???????????????? | | ??????????###"##??????# %% ## #???????????????? | | ????????###""###??????##%& # ##??????????????? | | ????#####" ##""###??#### #"% ## ##?????????????? | | ???##"""#"""##"###### ## #### ##????????????? | | ?###"### #"#"#"""#" % #??#" "##???????????? | | ?#""""#"###"##"""#"# %##### "" ##??????????? | | ?###"#####""###""#### ## # # """ #??????????" | | ??#"""#####"###"##??# # "### "" % ###?????? " | | ??#"###" " "#?#####?# " # ##"" % "#?#### " | | ??##"#"" "#"#??## # #"%" # ### ## " | | ???##"#"##"#"???# ##" # #?# " | | ????###"######??# #### "#?## """ | | ?????# #???????## "### ###"" " ## | | ?????## #????????##"" ### % ### #### #####??? | | ??????# ##????????#""#??### % #?# # ## ######??? | | ??????#### ??????######??## ### ###### ##?? | +----------------------------------------------------+ Best States ------------- Heat Dissipation 25 Energy Generation 12 Energy Capacity 265 Matter Stores 291 Matter Capacity 300 Sight Range 16 Terrain Scan Density 10 Armor Coverage 800 Evasion (%) 42 Item Schematics ----------------- None Robot Schematics ------------------ None Fabricated ------------ Nothing Alien Tech Used ----------------- None Achievements -------------- None Challenges ------------ None Cogshop Purchases (12) ------------------------ Adv. Beam Cannon (769) Autogun (699) Imp. Ion Engine (699) Arm. Wheel (769) Arm. Wheel (769) Med. Armor Plating (699) Med. Armor Plating (697) Shield Generator (713) Hpw. Tractor Beam (954) Med. Armor Plating (720) Shield Generator (954) Grenade Launcher (772) Game ------ Seed CannonModifiedFacilitator Manual? 0 Play Time 00:18:26 Cumulative 23.0 hours Start 2024.05.12 @ 21:04:19 End 2024.05.12 @ 21:20:51 Sessions 1 Manual Loads 0 Difficulty Rogue Special Mode AFD2019/Pay2Buy Game No. 22 Rogue 22 Adventurer 0 Explorer 0 Win Type - Total 0 Types 0/0/0/0/0/0/0/0/0 Lore% 19 Gallery% 20 Achievement% 26 Wizard Run 0 Options --------- Layout 0 ASCII 0 Keyboard 0 Movement Mouse Keybinds 0 Fullscreen 2 Font 14/SmallcapsGlow Map View 36x27 Zoom Use 99% Tactical HUD 1 Map Filters NONE Filters NONE Steam 1 RUN: 896ac303-350f-422f-864e-2dcbb325eb09